 Dungeon Sprint DCSS version 0.26-a0-660-gc07710193c (webtiles) character file.

Game seed: 13864092317089418997

1233 mhtbhm the Geomancer (level 8, 0/42 HPs)
             Began as a Gargoyle Earth Elementalist on Oct 5, 2020.
             Was a Follower of Vehumet.
             Slain by a lindwurm (12 damage)
             ... in the Dungeon (Sprint I: "Red Sonja") on Oct 6, 2020.
             The game lasted 00:03:45 (767 turns).

mhtbhm the Geomancer (Gargoyle Earth Elementalist)   Turns: 767, Time: 00:03:45

Health: 0/42       AC:  9    Str: 13    XL:     8   Next: 48%
Magic:  17/21      EV: 14    Int: 17    God:    Vehumet [*.....]
Gold:   486        SH:  0    Dex: 10    Spells: 11/26 levels left

rFire    . . .     SeeInvis .     - Unarmed
rCold    . . .     Faith    .   (no shield)
rNeg     + . .     Spirit   .   a - +2 robe {MR+}
rPois    ∞         Reflect  .   (no helmet)
rElec    +         Harm     .   (no cloak)
rCorr    .         Rampage  .   (no gloves)
MR       +....     NoTele   +   (no boots)
Stlth    +++.......             (no amulet)
HPRegen  0.14/turn              (no ring)
MPRegen  0.17/turn              (no ring)

@: no status effects
A: negative energy resistance 1, electricity resistance, unbreathing,
petrification resistance, rot immunity, AC +5
a: Renounce Religion


You were in the Dungeon.
You worshipped Vehumet.
Vehumet was aware of your devotion.
You visited 1 branch You collected 486 gold pieces.

Inventory:

Missiles
 b - 45 stones (quivered)
Armour
 a - a +2 robe of magic resistance (worn)
Scrolls
 i - a scroll of blinking
Potions
 d - a potion of curing
 f - a potion of haste


   Skills:
 + Level 0.5 Fighting
 + Level 4.9 Dodging
 + Level 5.1 Stealth
 + Level 3.7 Unarmed Combat
 + Level 9.9 Spellcasting
 + Level 1.7 Conjurations
 + Level 2.2 Transmutations
 + Level 14.3 Earth Magic


You had 11 spell levels left.
You knew the following spells:

 Your Spells              Type           Power        Failure   Level
a - Sandblast             Erth           ######       1%          1
b - Passwall              Tmut/Erth      #####...     1%          2
c - Stone Arrow           Conj/Erth      #####.       1%          3
d - Lee's Rapid Deconstr  Erth           ######....   1%          5
e - Petrify               Tmut/Erth      #####...     2%          4

Your spell library contained the following spells:

 Spells                   Type           Power        Failure   Level
 Magic Dart               Conj           ##..         4%          1


Dungeon Overview and Level Annotations

Branches:
Dungeon (1/1)

Altars:
Cheibriados
Dithmenos
Elyvilon
Fedhas
Gozag
Hepliaklqana
Kikubaaqudgha
Makhleb
Nemelex Xobeh
Okawaru
Qazlal
Ru
Sif Muna
Trog
Uskayaw
Vehumet
Wu Jian
Xom
Yredelemnul
Zin
The Shining One
Jiyva
Lugonu

Shops:
D :


Innate Abilities, Weirdness & Mutations

You are resistant to torment.
Your stone body is resilient. (AC +5)
You are immune to poison.
You resist negative energy. (rN+)
You are resistant to electric shocks. (rElec)
You can survive without breathing.
You are immune to petrification.
You are immune to rotting.


Message History

Casting: Lee's Rapid Deconstruction (dangerous; 1% risk of failure)
Confirm with . or Enter, or press ? or * to list all spells.
Aiming: Lee's Rapid Deconstruction (dangerous; 1% risk of failure)
Press: ? - help, Dir - move target cursor A stone wall.
Okay, then.
Casting: Lee's Rapid Deconstruction (dangerous; 1% risk of failure)
Confirm with . or Enter, or press ? or * to list all spells.
Press: ? - help, Shift-Dir - straight line, f - lindwurm
Aim: a lindwurm (purple smoke, heavily wounded, chance to defeat MR: 47%)
Okay, then.
Casting: Petrify (dangerous; 2% risk of failure)
Confirm with . or Enter, or press ? or * to list all spells.
Press: ? - help, Dir - move target cursor A stone wall.
The wall shatters!
The blast of rock fragments hits the lindwurm but does no damage.
The lindwurm is heavily wounded.
The lindwurm bites you!
You die...

####################
.#__#..)...#..#§@k§+
.'..'..#...##+#§####
'#__####...+ #$#
.#### ##### +$ .# ##
.+ _# '# )#


You could see a lindwurm.

Vanquished Creatures
  2 kobold demonologists (D)
  A slime creature (D)
  Sigmund (D)
  A yak (D)
  A floating eye (D)
  An ogre (D)
  A jelly (D)
  Ijyb (D)
9 creatures vanquished.

Vanquished Creatures (others)
  A gargoyle (D)
1 creature vanquished.

Grand Total: 10 creatures vanquished

Notes
Turn   | Place    | Note
-------+----------+-------------------------------------------
     0 | D        | mhtbhm the Gargoyle Earth Elementalist began the quest for
                  | the Orb.
     0 | D        | Reached XP level 1. HP: 10/10 MP: 3/3
     2 | D        | Noticed Ijyb
    28 | D        | Killed Ijyb
    28 | D        | Reached skill level 6 in Earth Magic
    28 | D        | Reached XP level 2. HP: 15/15 MP: 1/6
    28 | D        | Reached XP level 3. HP: 19/19 MP: 1/7
    95 | D        | Learned a level 2 spell: Passwall
    99 | D        | Learned a level 3 spell: Stone Arrow
   254 | D        | Noticed an ogre
   256 | D        | Killed an ogre
   256 | D        | Reached skill level 1 in Unarmed Combat
   256 | D        | Reached skill level 1 in Transmutations
   256 | D        | Reached skill level 8 in Earth Magic
   256 | D        | Reached XP level 4. HP: 24/24 MP: 3/10
   324 | D        | Noticed Sigmund
   328 | D        | Killed Sigmund
   328 | D        | Reached skill level 10 in Earth Magic
   328 | D        | Reached XP level 5. HP: 28/28 MP: 2/13
   328 | D        | Reached XP level 6. HP: 32/32 MP: 2/15
   410 | D        | Found an ornate altar of the Wu Jian Council.
   410 | D        | Found a shimmering blue altar of Sif Muna.
   412 | D        | Found a radiant altar of Vehumet.
   414 | D        | Reached skill level 11 in Earth Magic
   450 | D        | Learned a level 5 spell: Lee's Rapid Deconstruction
   455 | D        | Learned a level 4 spell: Petrify
   458 | D        | Found Etomoas's Book Emporium.
   458 | D        | Found an ancient bone altar of Kikubaaqudgha.
   458 | D        | Found a hazy altar of Hepliaklqana.
   458 | D        | Found a stormy altar of Qazlal.
   458 | D        | Found a hide-covered altar of Uskayaw.
   458 | D        | Found a blossoming altar of Fedhas.
   458 | D        | Found a bloodstained altar of Trog.
   458 | D        | Found an iron altar of Okawaru.
   458 | D        | Found a basalt altar of Yredelemnul.
   458 | D        | Found a glowing golden altar of the Shining One.
   458 | D        | Found a snail-covered altar of Cheibriados.
   458 | D        | Found a sacrificial altar of Ru.
   458 | D        | Found a glowing silver altar of Zin.
   458 | D        | Found a shadowy altar of Dithmenos.
   458 | D        | Found a white marble altar of Elyvilon.
   458 | D        | Noticed a yak
   460 | D        | Killed a yak
   460 | D        | Reached skill level 12 in Earth Magic
   460 | D        | Reached XP level 7. HP: 36/36 MP: 7/17
   461 | D        | Found an opulent altar of Gozag.
   462 | D        | Found a sparkling altar of Nemelex Xobeh.
   485 | D        | Found a burning altar of Makhleb.
   485 | D        | Found a viscous altar of Jiyva.
   485 | D        | Found a shimmering altar of Xom.
   485 | D        | Found a corrupted altar of Lugonu.
   485 | D        | Noticed a slime creature
   488 | D        | Killed a slime creature
   488 | D        | Reached skill level 5 in Stealth
   502 | D        | Became a worshipper of Vehumet
   603 | D        | Noticed a kobold demonologist
   605 | D        | Noticed a kobold demonologist
   606 | D        | Reached skill level 1 in Conjurations
   606 | D        | Reached skill level 13 in Earth Magic
   607 | D        | Noticed a chaos spawn
   608 | D        | Killed a kobold demonologist
   608 | D        | Reached XP level 8. HP: 41/41 MP: 2/21
   609 | D        | Killed a kobold demonologist
   609 | D        | Reached * piety under Vehumet
   609 | D        | Offered knowledge of Magic Dart by Vehumet.
   609 | D        | Reached skill level 14 in Earth Magic
   624 | D        | Killed a gargoyle
   761 | D        | Noticed a lindwurm
   767 | D        | Slain by a lindwurm

Illustrated notes

Levels and vault maps discovered:
D:        dungeon_sprint_1 [red_sonja_temple_1, red_sonja_temple_small_1]

Skill      XL: |  1  2  3  4  5  6  7  8 |
---------------+-------------------------+-----
Dodging        | 2 3 4 |  4.9
Spellcasting   | 3 4 6 7 9 |  9.9
Earth Magic    | 6 8 10 12 13 14 | 14.3
Stealth        | 3 4 5 |  5.1
Unarmed Combat | 1 2 3 |  3.7
Transmutations | 1 2 |  2.2
Conjurations   | 1 |  1.7
Fighting       | |  0.5

Action                   |  1- 3 |  4- 6 |  7- 9 || total
-------------------------+-------+-------+-------++-------
Melee: Unarmed           |    18 |       |       ||    18
 Cast: Sandblast         |     6 |     4 |     4 ||    14
       Passwall          |     2 |       |     2 ||     4
       Stone Arrow       |     1 |     1 |     2 ||     4
       Lee's Rapid Decon |       |     1 |     7 ||     8
       Petrify           |       |       |     1 ||     1
  Use: Potion            |     2 |       |     2 ||     4
Armor: Robe              |     3 |     1 |     5 ||     9
Dodge: Dodged            |    10 |       |     2 ||    12

Table legend: (Time is in decaauts)
 A = Elapsed time spent in this place.
 B = Non-inter-level travel time spent in this place.
 C = Inter-level travel time spent in this place.
 D = Time resting spent in this place.
 E = Time spent auto-exploring this place.
 F = Levels seen in this place.
 G = Mean time per level.
                   A        B        C        D        E       F      G
               +--------+--------+--------+--------+--------+-----+--------+
         Total |    770 |    770 |      0 |    468 |      0 |   1 |  770.0 |
       Dungeon |    770 |    770 |      0 |    468 |      0 |   1 |  770.0 |
               +--------+--------+--------+--------+--------+-----+--------+

Top non-repeatable levels by time:
       D: 770 daAuts
